[Event "Romanian Rapid Open 2022"]
[Site "Sebes"]
[Date "2022.12.02"]
[Round "1.1"]
[White "Chicarosie, Ioana-Bianca"]
[Black "Jianu, Vlad-Cristian"]
[Result "0-1"]
[ECO "A30"]
[WhiteElo "1815"]
[BlackElo "2516"]
[Annotator "TA"]
[PlyCount "42"]
[EventDate "2022.12.02"]
[EventType "rapid"]
[EventCountry "ROU"]
[SourceTitle "playchess.com"]
[Source "ChessBase"]
[SourceQuality "1"]
[TimeControl "600+5"]

1. d4 Nf6 2. Nf3 e6 3. g3 b6 4. Bg2 Bb7 5. O-O c5 6. c4 cxd4 7. Nxd4 Bxg2 8. Kxg2 Qc7 9. Qd3 {[%emt 0:01:31] A30: Symmetrical English: Double Fianchetto and Hedgehog.} Nc6 10. Nb5 (10. Bf4 {is interesting.} Ne5 11. Bxe5 Qxe5 12. Nc3) 10... Qb7 11. Qf3 {[%emt 0:01:00] The position is equal.} a6 (11... d5 $5 ) 12. N5c3 {[%emt 0:00:06] [#]} (12. Nd4 $1 $11) 12... Be7 $146 ({Predecessor:} 12... O-O-O 13. Be3 Ne5 14. Qxb7+ Kxb7 15. Nd2 Rc8 16. b3 Bb4 17. Bd4 Nc6 18. Bxf6 gxf6 {0-1 (49) Cordi,D (2060)-Van Asseldonk,P (2107) Amantea 2009}) 13. Be3 O-O 14. Ne4 (14. Nd2 $142) 14... Nxe4 15. Qxe4 Bf6 (15... f5 $17 16. Qf3 b5 17. cxb5 axb5) 16. Nd2 (16. Nc3 $15) 16... b5 {[%emt 0:00:10][%cal Bb6b5,Bb5c4,Bc4c3,Bc3c2][%mdl 32] aiming for ...bxc4.} ({Much worse is} 16... Bxb2 $6 17. Rab1 f5 18. Qf3 $11) 17. Rab1 $2 {[%emt 0:00:32] [#] Loses the game.} ({White should play} 17. Nb3 $15) 17... bxc4 $19 {[%emt 0:00:15] Strongly threatening ...d5.} 18. b3 $2 (18. Bc5 d5 19. Qc2) 18... c3 {[%emt 0:00:22] Black is clearly winning.} 19. Nf3 d5 20. Qd3 (20. Qg4 $142 d4 21. Bf4) 20... Nb4 21. Qd1 c2 {[%emt 0:00:01] Weighted Error Value: White=0.90/Black=0.15 (very precise)} 0-1

[Event "Romanian Rapid Open 2022"]
[Site "Sebes"]
[Date "2022.12.02"]
[Round "1.2"]
[White "Ardelean, George-Catalin"]
[Black "Cristea, Virgil"]
[Result "1-0"]
[ECO "C42"]
[WhiteElo "2473"]
[BlackElo "1493"]
[Annotator "TA"]
[PlyCount "49"]
[EventDate "2022.12.02"]
[EventType "rapid"]
[EventCountry "ROU"]
[SourceTitle "playchess.com"]
[Source "ChessBase"]
[SourceQuality "1"]
[TimeControl "600+5"]

1. e4 e5 2. Nf3 Nf6 3. Nxe5 d6 4. Nf3 Nxe4 5. Qe2 Qe7 6. d3 Nf6 7. Bg5 Qxe2+ 8. Bxe2 Be7 9. Nc3 c6 {[%emt 0:00:08] 9...h6 is the hot move.} 10. O-O-O O-O 11. Rde1 {[%emt 0:00:04] C42: Petroff Defence: 3 Nxe5 and unusual White 3rd moves.} h6 12. Bd2 {[%emt 0:00:07] [#]} Bg4 $146 ({Predecessor:} 12... Re8 13. Bd1 Bd7 14. h3 Na6 15. g4 Nh7 16. Nd4 Bh4 17. Rxe8+ Rxe8 18. f4 Nc7 {1-0 (54) Pridorozhni,A (2580)-Paravyan,D (2647) Chess.com INT 2021}) 13. h3 {[%emt 0:00:10][%cal Bh2h3,Bh3h4,Bh4g5][%mdl 32] White is slightly better.} Bxf3 14. Bxf3 Re8 15. g4 {[%emt 0:00:12] White is much more active. The black rooks are badly placed.} Kf8 (15... Nbd7 $14) 16. h4 $36 {[%emt 0:00:22][%mdl 2048] White is really pushing.} Nbd7 17. g5 hxg5 (17... Ng8 $16 18. Bg4 Ne5) 18. hxg5 $18 Ng8 19. Bg4 {[%emt 0:01:20] Prevents d5.} Ne5 20. Bd1 g6 (20... f5 {was worth a try.} 21. f4 Ng4) 21. f4 Nd7 22. Bg4 Nb6 23. Rh7 {[%emt 0:00:35] [#] And now Ne4 would win.} d5 {[%emt 0:00:23] Against Ne4} (23... f5 $142 24. Bf3 Bd8 25. Rxb7 Rxe1+ 26. Bxe1 Ne7) 24. f5 {[%emt 0:00:21] aiming for fxg6.} gxf5 (24... Bxg5 $142 25. Rxe8+ Rxe8) 25. Bh5 {[%emt 0:00:05] White took control after the opening.   Weighted Error Value: White=0.14 (very precise) /Black=0.62} ({Weaker is} 25. Bxf5 Bxg5 26. Rxe8+ Rxe8 $16) 1-0

[Event "Romanian Rapid Open 2022"]
[Site "Sebes"]
[Date "2022.12.02"]
[Round "1.3"]
[White "Lup, Constantin-Ionel"]
[Black "Gavrilescu, David"]
[Result "0-1"]
[ECO "A20"]
[WhiteElo "1739"]
[BlackElo "2523"]
[Annotator "TA"]
[PlyCount "76"]
[EventDate "2022.12.02"]
[EventType "rapid"]
[EventCountry "ROU"]
[SourceTitle "playchess.com"]
[Source "ChessBase"]
[SourceQuality "1"]
[TimeControl "600+5"]

1. c4 e5 2. g3 c6 3. Bg2 d5 4. cxd5 cxd5 5. d4 e4 6. a3 {[%emt 0:00:07] A20: English Opening: 1...e5.} Be7 7. Nc3 Nf6 8. Bg5 {[%emt 0:00:11] The position is equal.} Nbd7 {[%emt 0:00:03] [#]} 9. e3 $146 ({Predecessor:} 9. Bh3 h6 10. Bxd7+ Qxd7 11. Bxf6 Bxf6 12. e3 O-O 13. Nge2 b6 14. Nf4 Bb7 15. Qh5 {0-1 (36) Gottsmann,L (1402)-Lemke,B (1925) GER email 2016}) 9... O-O 10. Nge2 h6 11. Bxf6 Nxf6 12. O-O Bf5 13. Nf4 Qd7 (13... g5 $5 14. Nh5 Nxh5 15. Qxh5 Qd7 $11) 14. f3 g5 15. Nfe2 (15. fxe4 $5 Bg4 16. Nfe2 Nxe4 17. Bf3 $11) 15... exf3 16. Bxf3 (16. Rxf3 {simplifies} Bg6 17. Qd2 Ne4 18. Nxe4 dxe4 19. Rff1) 16... Bh3 (16... Qe6 $15) 17. Bg2 $11 Rae8 18. Qd3 Bd8 19. Rae1 Qe6 20. Nc1 h5 21. Nb3 b6 {[%emt 0:00:10] Prevents Nc5.} (21... h4 $11) 22. Nd2 (22. Bxh3 $14 Qxh3 23. Re2) 22... h4 (22... Bxg2 $11 23. Kxg2 Kg7) 23. e4 ({White should play} 23. gxh4 $16 Kh8 24. e4 (24. hxg5 Rg8 $11) (24. Bxh3 Qxh3 25. Kh1 Ng4 $11) 24... Bxg2 25. Kxg2 dxe4 26. Ndxe4 (26. Ncxe4 Qg4+ 27. Kh1 Nxe4 $14) 26... Qg4+ 27. Qg3 gxh4 28. Qxg4 (28. Nxf6 Qxg3+ 29. hxg3 Rxe1 $11) 28... Nxg4 29. Rf5) 23... Bxg2 24. Kxg2 {[%emt 0:00:04] e5 is the strong threat.} dxe4 25. Ndxe4 Nxe4 {[%emt 0:00:04] The board is on fire.} 26. Nxe4 {[%emt 0:00:27][%cal Oe4f6] [#] aiming for Nf6+!} h3+ 27. Kg1 {[%emt 0:00:11][%cal Oe4f6] Threatens to win with Nf6+!} Qd5 {[%emt 0:00:10] Strongly threatening ...f5.} 28. Re2 Re6 (28... f5 $5 29. Nc3 $8 Qd7 $11) 29. Nc3 Qc6 (29... Qd6 $11) 30. Ref2 $14 Rf6 {[%emt 0:00:09] [#]} (30... Qd7 $14) 31. Ne4 $2 (31. d5 $1 $18 Rd6 32. dxc6 Rxd3 33. Nb5) 31... Rxf2 $17 32. Rxf2 f5 33. Nc3 Re8 $36 {[%emt 0:00:08][%mdl 2048] Hoping for ...Re1+. White is under pressure.} 34. Re2 {[%emt 0:00:05] Against Re1+} Rxe2 35. Qxe2 Bf6 36. d5 Qc8 37. Nd1 (37. Qd3 $11) 37... Qc5+ $19 38. Qf2 $2 (38. Kf1 Qxd5 39. Ke1) 38... Bd4 {[%emt 0:00:01] Weighted Error Value: White=0.51/Black=0.18 (very precise)} 0-1

[Event "Romanian Rapid Open 2022"]
[Site "Sebes"]
[Date "2022.12.02"]
[Round "1.4"]
[White "Miron, Lucian-Costin"]
[Black "Vajda, Mihaly"]
[Result "1-0"]
[ECO "D02"]
[WhiteElo "2510"]
[BlackElo "1769"]
[Annotator "TA"]
[PlyCount "65"]
[EventDate "2022.12.02"]
[EventType "rapid"]
[EventCountry "ROU"]
[SourceTitle "playchess.com"]
[Source "ChessBase"]
[SourceQuality "1"]
[TimeControl "600+5"]

1. Nf3 d5 2. g3 Nd7 3. d4 Nb6 4. Nc3 Nf6 5. Bg2 Bf5 6. O-O {[%emt 0:00:09] D02: 1 d4 d5 2 Nf3 sidelines, including 2...Nf6 3 g3 and 2...Nf6 3 Bf4.} e6 {[%emt 0:00:10] [#]} 7. Bf4 $146 ({Predecessor:} 7. Nh4 Bg4 8. Qd3 Be7 9. e4 c6 10. Nf3 dxe4 11. Nxe4 Bf5 12. Nxf6+ Bxf6 13. Qe2 {½-½ (62) Rechlis,G (2484)-Postny,E (2583) Israel 2021}) 7... c6 8. Nh4 {[%emt 0:00:24] The position is equal.} Bg6 (8... Bg4 $11) 9. Nxg6 $14 hxg6 10. e4 dxe4 11. Nxe4 Nfd5 12. Bc1 Be7 13. Qe2 O-O 14. Rd1 Nf6 15. Nc5 Qc8 16. Nb3 Nfd7 17. c4 c5 (17... Nf6 $16 {was necessary.}) 18. d5 e5 19. d6 $36 {[%emt 0:00:47][%mdl 2048] Inhibits Qc7. White is in control.} Bf6 20. Na5 Rb8 21. Qe4 (21. a4 $18) 21... Bd8 $16 22. Nxb7 {[%emt 0:01:13] White is much more active. The black rooks are badly placed.} f5 {[%emt 0:00:11] [#]} 23. Qc6 {[%emt 0:00:02] Threatens to win with Qxc8.} e4 (23... Bf6 $16) 24. Qxc8 $18 Rxc8 25. Nxd8 Rfxd8 26. Bg5 Re8 27. b3 {[%emt 0:00:04] aiming for f3.} Ne5 {[%emt 0:00:07] Inhibits f3.} 28. h4 Kf7 29. Bf4 Nbd7 30. Bxe5 Nxe5 {[%emt 0:00:14][%mdl 8192] [#]} (30... Rxe5 $16 31. f3 exf3 32. Bxf3 Nf6) 31. d7 {[%emt 0:00:02] White is clearly winning.} Nd3 32. dxc8=Q Rxc8 33. Bf1 {[%emt 0:00:01] Weighted Error Value: White=0.14 (very precise) /Black=0.39} 1-0

[Event "Romanian Rapid Open 2022"]
[Site "Sebes"]
[Date "2022.12.02"]
[Round "1.5"]
[White "Dima, Ioan-Radu"]
[Black "Costachi, Mihnea"]
[Result "0-1"]
[ECO "E60"]
[WhiteElo "1819"]
[BlackElo "2476"]
[Annotator "TA"]
[PlyCount "54"]
[EventDate "2022.12.02"]
[EventType "rapid"]
[EventCountry "ROU"]
[SourceTitle "playchess.com"]
[Source "ChessBase"]
[SourceQuality "1"]
[TimeControl "600+5"]

1. d4 Nf6 2. c4 g6 3. g3 Bg7 4. Bg2 O-O 5. Nf3 d6 6. O-O Nc6 7. d5 Na5 8. Nfd2 c5 9. h3 {[%emt 0:00:31] E60: King's Indian: Unusual lines and Fianchetto Variation without Nc3.} (9. Na3 $142) 9... a6 10. Nc3 Bd7 11. a4 {[%emt 0:01:00] [#] Inhibits b5. The position is equal.} Qb8 $146 ({Predecessor:} 11... Rb8 12. Re1 b5 13. axb5 axb5 14. cxb5 Bxb5 15. Nxb5 Rxb5 16. Qa4 Qb6 17. Ra3 Rb8 18. e4 Nd7 19. Bf1 Qa6 20. Bxb5 Rxb5 21. Nc4 {1-0 (21) Wallhof,D (1968)-Rey,T (1182) Goch 2012}) 12. e4 (12. Qc2 $5 ) 12... b5 13. axb5 axb5 14. Qe2 ({White should play} 14. cxb5 $11 Bxb5 15. Nxb5 Qxb5 16. Re1) 14... bxc4 $15 15. f4 Nb3 (15... Nh5 {is interesting.} 16. Kh2 Bd4 17. Ra3 Nb3) 16. Nxb3 cxb3 17. Rxa8 Qxa8 18. e5 Ne8 19. exd6 (19. Re1 $142) 19... exd6 20. Qe7 (20. Qc4 $17) 20... Qc8 21. Ne4 $2 {[%emt 0:00:44] [#]} (21. g4) 21... Bxh3 $19 22. Nxd6 (22. Re1 $142) 22... Nxd6 23. Qxd6 Bd4+ 24. Kh2 Bxg2 25. Kxg2 Rd8 {[%emt 0:00:42] Against f5} 26. Qe7 (26. Qc6 $142 Qf5 27. d6) 26... Re8 27. Qh4 Qf5 {[%emt 0:00:13] White did not feel at home in the position after the opening.   Weighted Error Value: White=1.17/Black=0.12 (very precise)} (27... Re2+ $142 28. Kf3 Qa6 29. f5 Qd3+ 30. Be3 Rxe3+ 31. Kg2 Re2+ 32. Kh3 {[#]} Rh2+ $3 33. Kxh2 Qe2+ 34. Rf2 Qxf2+ 35. Kh3 Qf1+ 36. Kh2 Bg1+ 37. Kh1 Be3+ 38. Kh2 Qg1+ 39. Kh3 Qh1+ 40. Kg4 h5+ 41. Qxh5 gxh5#) 0-1

[Event "Romanian Rapid Open 2022"]
[Site "Sebes"]
[Date "2022.12.02"]
[Round "1.6"]
[White "Anton, Teodor"]
[Black "Sandru, Nicolae"]
[Result "1-0"]
[ECO "E07"]
[WhiteElo "2438"]
[BlackElo "1647"]
[Annotator "TA"]
[PlyCount "58"]
[EventDate "2022.12.02"]
[EventType "rapid"]
[EventCountry "ROU"]
[SourceTitle "playchess.com"]
[Source "ChessBase"]
[SourceQuality "1"]
[TimeControl "600+5"]

1. d4 d5 2. c4 e6 3. Nf3 Nf6 4. g3 Be7 5. Bg2 O-O 6. O-O Re8 7. b3 c6 8. Bb2 Nbd7 9. Nbd2 {[%emt 0:00:02] E07: Closed Catalan: Main Line (5 Nf3 0-0 6 0-0 Nbd7).} Ne4 {[%emt 0:00:03] [#]} 10. Nxe4 $146 ({Predecessor:} 10. Qc2 f5 11. Rad1 g5 12. Ne5 Nxe5 13. dxe5 Nxd2 14. Qxd2 Bd7 15. cxd5 cxd5 16. Bxd5 {1-0 (34) Fasciglione,M-Bataev,V Italy 1970}) 10... dxe4 11. Ne5 {[%emt 0:00:15] With the idea Nxd7. White is slightly better.} (11. Ne1 $5 ) 11... f5 12. Nxd7 Bxd7 13. f3 exf3 14. Bxf3 Bf6 15. e4 fxe4 16. Bxe4 {[%emt 0:00:03] aiming for Qh5.} g6 {[%emt 0:00:40] Against Qh5} 17. Qc2 {[%emt 0:00:41][%cal Oe4g6] Threatens to win with Bxg6! White is more active.} Rf8 18. Bxg6 hxg6 $17 19. Qxg6+ Bg7 $1 {[%emt 0:00:02] Hoping for ...Qe7.} 20. d5 Qe7 {[%emt 0:00:11][%mdl 8192] This costs Black the game.} (20... e5 $15 21. Bxe5 Qe7) 21. d6 $1 $18 Be8 22. Qg4 ({And not} 22. dxe7 Rxf1+ 23. Rxf1 Bxg6 $17) 22... Rxf1+ 23. Rxf1 Qd7 24. Be5 Kh7 {[%emt 0:00:13] [#]} (24... b5 $142 25. cxb5 cxb5) 25. Qh4+ $1 ({Inferior is} 25. Bxg7 Qxg7 26. Qxe6 Bd7 $11) 25... Kg8 {[%emt 0:00:04] [#]} 26. Qg5 $1 {[%emt 0:00:03] Rf4 is the strong threat.} Kh7 27. Rf4 {[%emt 0:00:09] White mates.} Kg8 28. Rg4 Bg6 29. Qxg6 Qf7 {[%emt 0:00:04] Weighted Error Value: White=0.44/Black=0.46} 1-0

[Event "Romanian Rapid Open 2022"]
[Site "Sebes"]
[Date "2022.12.02"]
[Round "1.7"]
[White "Roncea, Radu"]
[Black "Baratosi, Daniel"]
[Result "0-1"]
[ECO "B07"]
[WhiteElo "1600"]
[BlackElo "2335"]
[Annotator "TA"]
[PlyCount "52"]
[EventDate "2022.12.02"]
[EventType "rapid"]
[EventCountry "ROU"]
[SourceTitle "playchess.com"]
[Source "ChessBase"]
[SourceQuality "1"]
[TimeControl "600+5"]

1. d4 Nf6 2. Nf3 g6 3. Nbd2 Bg7 4. c3 d6 5. e4 O-O 6. Be2 c5 7. O-O Qc7 {[%emt 0:00:02] B07: Pirc Defence: Miscellaneous Systems.} 8. dxc5 dxc5 9. Nc4 (9. Qc2 $11 {remains equal.}) 9... Nc6 (9... Nxe4 $17 10. Qc2 Nf6) 10. Qc2 $11 b5 11. Ne3 {[%emt 0:00:06] [#]} Rb8 $146 ({Predecessor:} 11... a6 12. Bd2 Bb7 13. Nd5 Nxd5 14. exd5 Ne5 15. Nxe5 Bxe5 16. f4 Bg7 17. Bf3 Rad8 {0-1 (28) Sullivan,B (1674)-Sorgard,G (1870) Edmonton 2005}) 12. Rb1 ({White should play} 12. Rd1 $11) 12... e6 {[%emt 0:00:20] Black is more active.} (12... Rd8 $15 {was preferrable.}) 13. a3 Nh5 14. Rd1 a6 15. b3 Bb7 16. Bb2 (16. Ne1 $1 $15) 16... Rbd8 (16... Nf4 $17) 17. c4 (17. Rxd8 $11 Rxd8 18. a4) 17... Nd4 $17 18. Nxd4 cxd4 19. Bxd4 {[%emt 0:00:22][%mdl 8192] This move loses the game for White.} Rxd4 20. Rxd4 Bxd4 {[%emt 0:00:02] This pair of bishops is nice.} 21. Nf1 $2 (21. cxb5 Qxc2 22. Nxc2) 21... Nf4 {[%emt 0:00:16] [#] ...f5 is the strong threat. Black is clearly winning.} 22. Bf3 f5 {[%emt 0:00:19][%cal Bf7f5,Bf5e4][%mdl 32] Threatens to win with ...fxe4.} 23. Ng3 Qc5 24. Rc1 {[%emt 0:00:23] [#]} Bxf2+ $1 25. Kf1 (25. Qxf2 Qxf2+) 25... Bxg3 26. hxg3 fxe4 {[%emt 0:00:03] Weighted Error Value: White=1.30/Black=0.48} 0-1

[Event "Romanian Rapid Open 2022"]
[Site "Sebes"]
[Date "2022.12.02"]
[Round "1.9"]
[White "Sulita, Vlad-Petre"]
[Black "Berescu, Alin-Mile"]
[Result "0-1"]
[ECO "B15"]
[WhiteElo "1632"]
[BlackElo "2429"]
[Annotator "TA"]
[PlyCount "44"]
[EventDate "2022.12.02"]
[EventType "rapid"]
[EventCountry "ROU"]
[SourceTitle "playchess.com"]
[Source "ChessBase"]
[SourceQuality "1"]
[TimeControl "600+5"]

1. e4 c6 2. d4 d5 3. Nc3 g6 4. Nf3 Bg7 5. Be2 Nh6 6. O-O {[%emt 0:00:12] B15: Caro-Kann: 3 Nc3: 3...g6 and 3...dxe4 4 Nxe4 Nf6 5 Nxf6+ exf6.} O-O 7. Bf4 f6 8. h3 {[%emt 0:00:23] White is slightly better.} Nf7 9. exd5 cxd5 {[%emt 0:00:02] [#]} 10. a3 $146 ({Predecessor:} 10. Bg3 Nc6 11. Re1 a6 12. a4 Re8 13. Bf1 b6 14. Rb1 Nb4 15. Qd2 e5 16. dxe5 fxe5 {0-1 (31) Lyahov,P (2118)-Kozak,A (2235) Stavropol 2019}) 10... e5 11. dxe5 fxe5 12. Bg3 Be6 13. Qd2 Nc6 14. Rfe1 (14. Rad1 $11) 14... e4 $17 15. Nh2 Bh6 ({Better is} 15... h5 $17 {aiming for ...Bh6.} 16. Rad1 h4) 16. Bf4 $2 {[%emt 0:00:22] [#]} (16. Qd1 $1 $15) 16... Bxf4 $2 (16... Ng5 $1 $19 {[%cal Rg5h3] And now ...Nxh3+! would win.} 17. Bxg5 Bxg5) 17. Qxf4 $15 {[%emt 0:00:01] [#]} Nd6 $1 $36 {[%emt 0:00:28][%mdl 2048] Black has some pressure.} 18. Qd2 (18. Qg3 $15) 18... d4 $19 19. Na4 (19. Nd1 $142) 19... Rxf2 20. Qd1 $2 (20. Rf1 e3 21. Qe1) 20... Qh4 21. Bg4 {[%emt 0:00:07] [#]} Qg3 $1 22. Bxe6+ (22. Bf3 exf3) 22... Kg7 {Weighted Error Value: White=1.26/Black=0.17 (very precise)} 0-1

[Event "Romanian Rapid Open 2022"]
[Site "Sebes"]
[Date "2022.12.02"]
[Round "1.10"]
[White "Dragomirescu, Robin-Alexandru"]
[Black "Pop, Ioan I."]
[Result "1-0"]
[ECO "C18"]
[WhiteElo "2337"]
[BlackElo "1540"]
[Annotator "TA"]
[PlyCount "83"]
[EventDate "2022.12.02"]
[EventType "rapid"]
[EventCountry "ROU"]
[SourceTitle "playchess.com"]
[Source "ChessBase"]
[SourceQuality "1"]
[TimeControl "600+5"]

1. e4 e6 2. d4 d5 3. Nc3 Bb4 4. e5 c5 5. a3 Ba5 6. dxc5 Bxc3+ $1 7. bxc3 {[%emt 0:00:02] C18: French: 3 Nc3 Bb4: Main line: 7 h4 and 7 Qg4.} Nc6 (7... Ne7 $11) 8. Nf3 (8. Qg4 $5 Kf8 9. Nf3 $14) 8... Qa5 9. Bd2 {[%emt 0:00:12] White has an edge.} Qxc5 10. Bd3 Nge7 11. O-O O-O 12. Qe2 {[%emt 0:00:33][%cal Od3h7] Hoping for Bxh7+!} (12. Ng5 {looks sharper.} h6 13. Nh7 Nxe5 14. Nxf8 Kxf8 15. Re1) 12... Ng6 13. h4 {[%emt 0:00:22] [#]} Ngxe5 $146 {[%emt 0:00:19][%mdl 8192] This move loses the game for Black.} ({Predecessor:} 13... f6 14. exf6 gxf6 15. c4 d4 16. c3 e5 17. g3 Bg4 18. Be4 f5 19. Bd5+ Kg7 {½-½ (40) Touret Hidalgo,J (1693)-Terrazas Alarcon,G (1981) Antofagasta 2015}) 14. Nxe5 $18 Nxe5 15. Qxe5 f6 16. Qh5 f5 17. Bf4 Bd7 18. Be5 Be8 19. Qg5 Rf7 20. Rfe1 Bd7 21. Re3 Qe7 22. Qxe7 Rxe7 23. a4 a6 24. a5 Rc8 25. Rb1 Bc6 26. Rb6 h5 27. Kh2 g6 28. Kg3 Kh7 29. Kf4 Rg8 {[%emt 0:00:23] [#]} 30. Bxa6 $1 Ra8 (30... Rc8 31. Be2) 31. Bb5 Rxa5 32. Bxc6 bxc6 33. Rxc6 {[%emt 0:00:02] Black must now prevent Kg5.} Ra4+ 34. Kg5 Rg4+ 35. Kf6 Re8 36. g3 g5 37. Rc7+ Kh6 38. hxg5+ Rxg5 39. Bf4 {[%emt 0:00:09][%csl Gf6,LRe6,LRg5][%cal Rf4g5] White mates.} Rf8+ 40. Rf7 Rfg8 41. Bxg5+ Rxg5 {[%emt 0:00:02] [#]} 42. Rh7+ $3 {[%emt 0:00:02][%mdl 512] Weighted Error Value: White=0.04 (flawless) /Black=0.39} 1-0

[Event "Romanian Rapid Open 2022"]
[Site "Sebes"]
[Date "2022.12.02"]
[Round "1.11"]
[White "Kedves, Lorand"]
[Black "Bulmaga, Irina"]
[Result "0-1"]
[ECO "A45"]
[WhiteElo "1641"]
[BlackElo "2426"]
[Annotator "TA"]
[PlyCount "108"]
[EventDate "2022.12.02"]
[EventType "rapid"]
[EventCountry "ROU"]
[SourceTitle "playchess.com"]
[Source "ChessBase"]
[SourceQuality "1"]
[TimeControl "600+5"]

1. d4 Nf6 2. Bf4 e6 3. e3 d6 4. h3 g6 5. Nf3 Bg7 6. Nbd2 {[%emt 0:00:02] A45: Trompowsky Attack.} O-O 7. Bc4 b6 8. c3 {[%emt 0:00:02] The position is equal.} Bb7 9. O-O Nbd7 {[%emt 0:00:10] [#]} 10. Bg3 $146 ({Predecessor:} 10. Qe2 a6 11. a4 a5 12. Bb5 Qe7 13. e4 e5 14. Bh2 c6 15. Bd3 Rfe8 16. Rfe1 Qd8 17. Nc4 {½-½ (37) Bagheri,A (2361)-Degardin,S (2259) Noisiel 2020}) 10... Qe7 11. Rc1 h6 12. Qc2 e5 (12... Nh5 $11) 13. dxe5 $16 ({Not} 13. Qxg6 d5 14. Qf5 e4 $17) 13... Nxe5 14. Nxe5 dxe5 15. Be2 (15. Qxg6 $16 {Threatens to win with Rcd1.} b5 16. Bb3) 15... Rad8 16. Rfd1 a5 17. Bf3 (17. Bh4 {feels hotter.} Rfe8 18. Bb5 Rf8 19. Bc4) 17... e4 18. Be2 Nd5 (18... Rc8 $11) 19. a3 ({And not} 19. Nxe4 Nxe3 $1 20. fxe3 Bxe4 $17) (19. Qxe4 $16 Qxe4 20. Nxe4) 19... f5 $11 20. Bc4 Kh8 21. Nb3 c5 22. Bxd5 (22. Bh2 $11 {remains equal.}) 22... Bxd5 $17 23. c4 {[%emt 0:01:22] Against g5} ({White should play} 23. Nd2) 23... Be6 24. Rd2 Rxd2 25. Nxd2 Rd8 26. b3 Rd3 27. Nb1 (27. Nf1 {was worth a try.}) 27... Qd7 $19 28. a4 Kh7 29. Rf1 Bf6 30. Bb8 (30. Na3 $142) 30... g5 31. Na3 Rd2 32. Qb1 Kg6 {[%emt 0:01:11] Hoping for ...Rb2.} 33. Nb5 Bf7 34. Bc7 {[%emt 0:00:36] [#]} Bd8 {[%emt 0:00:15] Black has more active pieces.} ({Black should try} 34... Rb2 $1 $17 35. Qc1 Rxb3 36. Bxb6 Qd3) 35. Bxd8 (35. Be5 $15) 35... Qxd8 $17 36. Qa1 {[%emt 0:00:04] [#]} Qf6 $1 {[%emt 0:00:09] Against Qe5} 37. Qxf6+ (37. Qb1 $17) 37... Kxf6 {[%emt 0:00:02][%mdl 4096] Endgame KRB-KRN} 38. Rb1 Ke5 39. Kf1 (39. g3 $142) 39... f4 40. Ke1 $2 (40. Nc7) 40... fxe3 $19 41. fxe3 Rxg2 {[%emt 0:00:03] aiming for ...Rg1+.} 42. Kf1 {[%emt 0:00:13] Prevents Rg1+.} Rh2 {[%emt 0:00:03] White must now prevent ...Rh1+.} 43. Kg1 {[%emt 0:00:07] Prevents Rh1+.} Re2 44. Na7 Rxe3 45. Nc8 Rxh3 46. Nxb6 Be6 47. Na8 e3 {[%emt 0:00:16] Black mates.} 48. Nc7 Bf5 49. Re1 Be4 50. Kf1 Kf4 51. Ke2 Rh2+ 52. Kd1 Ra2 53. Ne6+ Kf3 54. Nxc5 Ra1# {[%emt 0:00:03] Weighted Error Value: White=0.62/Black=0.20 (precise)} 0-1

[Event "Romanian Rapid Open 2022"]
[Site "Sebes"]
[Date "2022.12.02"]
[Round "1.12"]
[White "Ghimpu, Samuel-Timotei"]
[Black "Stan, Ion-Gabriel"]
[Result "1-0"]
[ECO "B41"]
[WhiteElo "2455"]
[BlackElo "1562"]
[Annotator "TA"]
[PlyCount "35"]
[EventDate "2022.12.02"]
[EventType "rapid"]
[EventCountry "ROU"]
[SourceTitle "playchess.com"]
[Source "ChessBase"]
[SourceQuality "1"]
[TimeControl "600+5"]

1. e4 c5 2. Nf3 e6 3. d4 cxd4 4. Nxd4 a6 5. c4 Qc7 6. Nc3 Nf6 7. Be2 Bb4 8. O-O Bxc3 {[%emt 0:00:12] B41: Sicilian: Kan Variation: 5 c4.} 9. bxc3 {[%emt 0:00:01] And now Ba3 would win.} Nxe4 10. Bf3 Nf6 ({Black should play} 10... Nc5 $1 $14) 11. Ba3 $18 {[%emt 0:00:01][%cal Od4f5] Strongly threatening Nf5! A strong pair of Bishops.} d6 {[%emt 0:00:03] [#]} 12. Nb3 $1 {[%emt 0:00:09] [#]} Nc6 $146 ({Predecessor:} 12... Bd7 13. Bxd6 Qc8 14. Nc5 Bc6 15. Rb1 b5 16. a4 bxc4 17. Rb7 Nd5 18. Bxd5 Bxd5 19. Rc7 Qd8 20. Qxd5 Qxc7 21. Bxc7 exd5 22. Re1+ Kf8 23. Bd6+ Kg8 24. Re8# {1-0 (24) Shvedova,A (2065)-Savitha Shri,B (2281) Tornelo 2021}) 13. Bxd6 ({Not} 13. Qxd6 Qxd6 14. Bxd6 Ne7 $18) 13... Qb6 (13... Qd8 14. Rb1 Ne7) 14. Rb1 {[%emt 0:00:24][%cal Ba1b1,Bb1b7,Bb7d7][%mdl 32] White is clearly winning.} Bd7 15. Nc5 Qa5 16. Rxb7 {[%emt 0:00:12] aiming for Nxd7.} Rc8 17. Nxd7 Nxd7 {[%emt 0:00:03] [#]} 18. Rxd7 $1 {[%emt 0:00:26][%mdl 512] Black did not feel at home in the position after the opening.   Weighted Error Value: White=0.02 (flawless) /Black=0.64} 1-0